 Dungeon Crawl Stone Soup version 0.28-a0-429-g1448048969 (webtiles) character file.

Game seed: 13944353378605039876

45334 Gargoyl the Fighter (level 14, -1/113 HPs)
             Began as a Gnoll Abyssal Knight on Sept 10, 2021.
             Was a Priest of Lugonu.
             Engulfed by a fire crab's flame (16 damage)
             ... in a Gauntlet.
             The game lasted 00:23:29 (15915 turns).

Gargoyl the Fighter (Gnoll Abyssal Knight)         Turns: 15915, Time: 00:23:29

Health: -1/113     AC: 24    Str: 17    XL:     14   Next: 32%
Magic:  27/27      EV: 14    Int: 11    God:    Lugonu [***...]
Gold:   1049       SH:  0    Dex: 18    Spells: 31/31 levels left

rFire   . . .      SeeInvis .   c - +5 battleaxe (elec)
rCold   + . .      Faith    .   (shield currently unavailable)
rNeg    . . .      Spirit   .   F - +2 plate armour {rC+}
rPois   +          Reflect  .   m - +0 helmet
rElec   .          Harm     .   t - +0 cloak
rCorr   .          Rampage  .   b - +0 pair of gloves
Will    ++...      NoTele   +   y - +0 pair of boots
Stlth   ..........              o - amulet of regeneration
HPRegen 0.00/turn               g - +6 ring of dexterity
MPRegen 0.20/turn               v - +4 ring of evasion

@: confused, ambrosia-drunk, inhibited regen, studying Transmutations
A: fangs 1, strong nose, distributed training, iridescent scales 1,
strong-willed 1, poison resistance, inhibited regeneration
a: Renounce Religion, Depart the Abyss, Bend Space, Banish


You were in a Gauntlet.
You worshipped Lugonu.
Lugonu was most pleased with you.
You visited 2 branches of the dungeon, and saw 15 of its levels.
You visited the Abyss 2 times.
You also visited: Gauntlet.

You collected 1049 gold pieces.

Inventory:

Hand Weapons
 a - a +2 vampiric hand axe
 c - a +5 battleaxe of electrocution (weapon)
 n - a +3 spear
 u - a +2 executioner's axe of flaming
Missiles
 i - 13 javelins (quivered)
 w - 2 throwing nets
Armour
 b - a +0 pair of gloves (worn)
 m - a +0 helmet (worn)
 t - a +0 cloak (worn)
 y - a +0 pair of boots (worn)
 F - a +2 plate armour of cold resistance (worn)
Jewellery
 g - a +6 ring of dexterity (left hand)
 h - a ring of wizardry
 o - an amulet of regeneration (around neck)
 v - a +4 ring of evasion (right hand)
 D - a ring of willpower
 N - a +6 ring of strength
Wands
 x - a wand of flame (35)
 A - a wand of acid (9)
 C - a wand of charming (11)
 I - a wand of polymorph (8)
 K - a wand of iceblast (12)
Scrolls
 j - 6 scrolls of teleportation
 p - 2 scrolls of fog
 q - 2 scrolls of blinking
 B - a scroll of holy word
Potions
 d - 5 potions of flight
 e - a potion of cancellation
 f - 2 potions of brilliance
 k - a potion of magic
 r - 4 potions of haste
 z - 3 potions of invisibility
 G - 2 potions of resistance
 H - 3 potions of lignification {unknown}
 M - 2 potions of might


   Skills:
 + Level 11.1 Fighting
 + Level 9.1 Short Blades
 + Level 9.1 Long Blades
 + Level 10.2 Axes
 + Level 9.1 Maces & Flails
 + Level 9.1 Polearms
 + Level 9.1 Staves
 + Level 9.1 Slings
 + Level 9.1 Bows
 + Level 9.1 Crossbows
 + Level 9.1 Throwing
 + Level 10.2 Armour
 + Level 9.5 Dodging
 + Level 9.1 Stealth
 + Level 9.1 Shields
 + Level 9.1 Unarmed Combat
 + Level 9.1 Spellcasting
 + Level 7.6 Conjurations
 + Level 7.6 Hexes
 + Level 7.6 Summonings
 + Level 7.6 Necromancy
 + Level 7.6 Translocations
 + Level 9.9 Transmutations
 + Level 7.6 Fire Magic
 + Level 7.6 Ice Magic
 + Level 7.6 Air Magic
 + Level 7.6 Earth Magic
 + Level 7.6 Poison Magic
 + Level 10.8 Invocations
 + Level 9.1 Evocations


You had 31 spell levels left.
You didn't know any spells.
Your spell library contained the following spells:

 Spells                   Type           Power      Damage    Failure   Level
 Shock                    Conj/Air       84%        1d8       16%         1
 Summon Small Mammal      Summ           84%        N/A       16%         1
 Poisonous Vapours        Pois/Air       42%        N/A       24%         2
 Spider Form              Tmut/Pois      12%        N/A       30%         3
 Call Canine Familiar     Summ           21%        N/A       43%         3
 Dazzling Flash           Conj/Hex       42%        N/A       43%         3
 Frozen Ramparts          Ice            42%        1d6       43%         3
 Summon Guardian Golem    Hex/Summ       21%        N/A       43%         3
 Swiftness                Air            21%        N/A       43%         3
 Ice Form                 Ice/Tmut       24%        N/A       69%         4
 Petrify                  Tmut/Erth      24%        N/A       69%         4
 Airstrike                Air            10%        N/A       85%         4
 Hailstorm                Conj/Ice       21%        3d6       85%         4
 Iskenderun's Mystic Bla  Conj/Tloc      21%        2d6       85%         4
 Metabolic Englaciation   Hex/Ice        10%        N/A       99%         5
 Simulacrum               Ice/Necr       10%        N/A       100%        6
 Starburst                Conj/Fire      10%        6d5       100%        6
 Statue Form              Tmut/Erth      16%        N/A       100%        6


Dungeon Overview and Level Annotations

Branches:
Dungeon (10/15)            Temple (0/1) D:7            Lair (5/6) D:8
  Swamp (0/4) Lair:2        Snake (0/4) Lair:3        Slime (0/5) Lair:5
    Orc (0/2) D:10        Gauntlet (1/1)

Altars:
Gozag
Nemelex Xobeh
Trog
Vehumet
Yredelemnul
Beogh

Shops:
D:5 [

Portals:
Trove: D:10 (give +3 gold dragon scales)

Annotations:
Abyss:1 Jawa73's ghost, journeyman GnWn Gauntlet 7 transporters


Innate Abilities, Weirdness & Mutations

You have very sharp teeth.
Your uncanny sense of smell can sniff out nearby items.
Your experience applies equally to all skills.
You are partially covered in iridescent scales. (AC +2)
You are strong-willed. (Will+)
Your system is resistant to poisons. (rPois)
You do not regenerate when monsters are visible.


Message History

The fire bat is severely wounded.
The fire bat bites you but does no damage.
Unknown command.
You closely miss the fire bat.
The fire bat is lightly wounded.
You slash the fire bat! Lightning courses through the fire bat!
You kill the fire bat!
Lugonu accepts your kill. The fire bat barely misses you. x2
Unknown command.
You barely miss the fire bat.
The fire bat is lightly wounded.
You slash the fire crab! The fire bat misses you.
The fire crab breathes flames at you. The blast of flame engulfs you.
Unknown command.
You hit the fire crab.
The fire crab is moderately wounded.
You slash the fire bat!
You are engulfed in blazing flames.
* * * LOW HITPOINT WARNING * * *
The fire bat closely misses you.
The fire crab bites you but does no damage.
The fire crab claws you but does no damage.
You slash the fire crab!
Lightning courses through the fire crab!
The fire crab is almost dead.
The fire bat barely misses you. The fire crab closely misses you.
The fire crab misses you. The fire crab breathes flames at you.
The blast of flame engulfs you but does no damage.
You hit the fire crab.
The fire crab is almost dead.
You are engulfed in blazing flames.
* * * LOW HITPOINT WARNING * * *
The fire crab breathes flames at you. The blast of flame misses you.
Unknown command.
You are confused.
You feel invigorated.
You are engulfed in blazing flames.
You die...

#.©.#.....########
#...#........#.©.#....
#.©.#....8...#.8.#...
########.....#.©.#..
}?©=...#...######## §
.#.#.#.#...##$?©.[ ...
#.#.#..#...#.###°.##...#
#.#.#.#.#...#.#t°##.#...≈
.#.©.#.Y#.8.##°#@°#.#.8.#
#.#.#.#Y#...##°°##.##...≈
.#.#.#.Y#...#.##°#.##...#
#.#.#.#Y#...##..#b#.#...≈
.......p#...#########...#
#########.......©.......≈
...©......8.....8.....8.#
∩..8..∩.......§§........≈
..........#≈#≈#≈#≈#§#≈#≈#


You could see a fire crab.

Vanquished Creatures
  The ghost of Teewurst the Fighter, a journeyman DsBe of Trog (Lair:2)
  7 hydras
  6 two-headed ogres
  A centaur warrior (D:9)
  5 death yaks (Lair:4)
  A spectral death yak (Lair:2)
  A spectral hydra (Lair:2)
  Pikel (D:9)
  A deep elf pyromancer (D:8)
  A wolf spider (D:9)
  2 cyclopes
  11 elephants
  A black mamba (Lair:4)
  14 cane toads
  4 rime drakes (Lair:1)
  3 komodo dragons
  3 polar bears (Lair:2)
  2 trolls
  A spectral dream sheep (Lair:3)
  17 blink frogs
  2 wyverns
  18 yaks
  3 spriggans (Lair:4)
  2 wraiths
  4 fire bats (Gauntlet)
  2 steam dragons
  An acid dragon (D:8)
  3 hydra simulacra (Lair:3)
  9 water moccasins
  3 hell hounds (Gauntlet)
  2 orc warriors
  An ice beast (D:6)
  3 black bears
  A black mamba simulacrum (Lair:3)
  A hornet zombie (D:8)
  A necrophage (D:8)
  2 ogres (D:6)
  10 wolves
  3 centaurs
  2 phantoms
  2 lemures (D:9)
  2 kobold brigands
  4 bullfrogs
  4 gnoll sergeants
  3 wyvern zombies
  5 scorpions
  A killer bee (D:7)
  A wight (D:6)
  6 howler monkeys
  5 centaur zombies
  2 bullfrog skeletons (D:5)
  2 bullfrog zombies
  4 orc priests
  2 hounds
  5 jellies
  A centaur skeleton (D:7)
  A gnoll shaman (D:6)
  5 iguanas
  15 orc wizards
  A scorpion zombie (D:5)
  2 killer bee zombies
  24 gnolls
  A howler monkey skeleton (D:6)
  A howler monkey zombie (D:5)
  A river rat (D:5)
  9 adders
  2 shadow imps
  2 white imps
  An adder skeleton (D:4)
  2 worms (D:2)
  2 dart slugs
  30 orcs
  5 endoplasms
  2 giant cockroaches
  7 goblins
  7 hobgoblins
  3 jackals (D:5)
  7 quokkas
  4 ball pythons
  5 bats
  A frilled lizard (D:1)
  7 kobolds
  A rat (D:3)
353 creatures vanquished.

Vanquished Creatures (others)
  6 fungi
  61 plants
67 creatures vanquished.

Grand Total: 420 creatures vanquished

Notes
Turn   | Place    | Note
-------+----------+-------------------------------------------
     0 | Abyss:1  | Gargoyl the Gnoll Abyssal Knight began the quest for the
                  | Orb.
     0 | Abyss:1  | Reached XP level 1. HP: 23/23 MP: 3/3
    36 | Abyss:2  | Identified a scroll of acquirement
    36 | Abyss:2  | Acquired a +3 battleaxe of electrocution
    66 | Abyss:2  | Noticed a quasit
    74 | D:1      | Escaped the Abyss
   188 | D:1      | Reached * piety under Lugonu
   272 | D:1      | Reached XP level 2. HP: 23/29 MP: 5/5
  1314 | D:1      | Reached XP level 3. HP: 33/35 MP: 6/6
  1359 | D:2      | Reached skill level 1 in Short Blades
  1359 | D:2      | Reached skill level 1 in Long Blades
  1359 | D:2      | Reached skill level 1 in Maces & Flails
  1359 | D:2      | Reached skill level 1 in Polearms
  1359 | D:2      | Reached skill level 1 in Staves
  1359 | D:2      | Reached skill level 1 in Slings
  1359 | D:2      | Reached skill level 1 in Bows
  1359 | D:2      | Reached skill level 1 in Crossbows
  1359 | D:2      | Reached skill level 1 in Throwing
  1359 | D:2      | Reached skill level 1 in Stealth
  1359 | D:2      | Reached skill level 1 in Shields
  1359 | D:2      | Reached skill level 1 in Unarmed Combat
  1359 | D:2      | Reached skill level 1 in Spellcasting
  1359 | D:2      | Reached skill level 1 in Evocations
  1359 | D:2      | Reached XP level 4. HP: 37/41 MP: 7/7
  1642 | D:1      | Reached skill level 1 in Conjurations
  1642 | D:1      | Reached skill level 1 in Hexes
  1642 | D:1      | Reached skill level 1 in Summonings
  1642 | D:1      | Reached skill level 1 in Necromancy
  1642 | D:1      | Reached skill level 1 in Translocations
  1642 | D:1      | Reached skill level 1 in Transmutations
  1642 | D:1      | Reached skill level 1 in Fire Magic
  1642 | D:1      | Reached skill level 1 in Ice Magic
  1642 | D:1      | Reached skill level 1 in Air Magic
  1642 | D:1      | Reached skill level 1 in Earth Magic
  1642 | D:1      | Reached skill level 1 in Poison Magic
  1783 | D:1      | Reached XP level 5. HP: 47/47 MP: 8/8
  2513 | D:3      | Reached ** piety under Lugonu
  2938 | D:3      | You fall into a shaft and drop 2 floors!
  2938 | D:5      | Entered Level 5 of the Dungeon
  2954 | D:5      | Reached skill level 5 in Invocations
  2954 | D:5      | Reached XP level 6. HP: 44/53 MP: 9/9
  3156 | D:5      | Reached skill level 5 in Axes
  3156 | D:5      | Reached skill level 5 in Armour
  3532 | D:4      | Identified the +5 quarterstaff of Dithmenos's Whim
                  | {protect, rPois Will+}
  3559 | D:4      | Reached XP level 7. HP: 59/59 MP: 10/10
  3631 | D:4      | Reached skill level 7 in Fighting
  4262 | D:5      | Found Titeuvue's Antique Armour Emporium.
  4823 | D:5      | Found a basalt altar of Yredelemnul.
  4826 | D:5      | Found a radiant altar of Vehumet.
  4829 | D:5      | Found a sparkling altar of Nemelex Xobeh.
  4868 | D:5      | Reached *** piety under Lugonu
  5040 | D:6      | Gained mutation: You are partially covered in iridescent
                  | scales. (AC +2) [potion of mutation]
  5040 | D:6      | Gained mutation: You are weak. (Str -2) [potion of
                  | mutation]
  5041 | D:6      | Lost mutation: You are weak. (Str -2) [potion of mutation]
  5041 | D:6      | Gained mutation: You tend to lose your temper in combat.
                  | [potion of mutation]
  5042 | D:6      | Lost mutation: You tend to lose your temper in combat.
                  | [potion of mutation]
  5042 | D:6      | Lost mutation: You are partially covered in iridescent
                  | scales. (AC +2) [potion of mutation]
  5042 | D:6      | Gained mutation: Your system is resistant to poisons.
                  | (rPois) [potion of mutation]
  5042 | D:6      | Gained mutation: You do not regenerate when monsters are
                  | visible. [potion of mutation]
  5042 | D:6      | Gained mutation: You are partially covered in iridescent
                  | scales. (AC +2) [potion of mutation]
  5042 | D:6      | Gained mutation: You are strong-willed. (Will+) [potion of
                  | mutation]
  5080 | D:6      | Reached XP level 8. HP: 65/67 MP: 12/12
  5454 | D:6      | Noticed a two-headed ogre
  5472 | D:6      | HP: 3/67 [two-headed ogre (15)]
  5747 | D:6      | Killed a two-headed ogre
  5748 | D:6      | Reached XP level 9. HP: 40/73 MP: 13/15
  6049 | D:6      | Reached skill level 5 in Dodging
  6385 | D:6      | Found a bloodstained altar of Trog.
  6557 | D:7      | Found a staircase to the Ecumenical Temple.
  6706 | D:7      | Reached skill level 8 in Fighting
  7126 | D:7      | Noticed a cyclops
  7137 | D:7      | Killed a cyclops
  7138 | D:7      | Reached XP level 10. HP: 34/80 MP: 17/17
  7145 | D:7      | Reached **** piety under Lugonu
  7146 | D:7      | Reached skill level 5 in Short Blades
  7146 | D:7      | Reached skill level 5 in Long Blades
  7146 | D:7      | Reached skill level 5 in Maces & Flails
  7146 | D:7      | Reached skill level 5 in Polearms
  7146 | D:7      | Reached skill level 5 in Staves
  7146 | D:7      | Reached skill level 5 in Slings
  7146 | D:7      | Reached skill level 5 in Bows
  7146 | D:7      | Reached skill level 5 in Crossbows
  7146 | D:7      | Reached skill level 5 in Throwing
  7146 | D:7      | Reached skill level 5 in Stealth
  7146 | D:7      | Reached skill level 5 in Shields
  7146 | D:7      | Reached skill level 5 in Unarmed Combat
  7146 | D:7      | Reached skill level 5 in Spellcasting
  7146 | D:7      | Reached skill level 5 in Evocations
  7221 | D:7      | Acquired a +2 executioner's axe of flaming
  7589 | D:8      | Found a staircase to the Lair.
  7602 | D:8      | Noticed a two-headed ogre
  7605 | D:8      | Noticed a green ugly thing
  7609 | D:8      | Killed a two-headed ogre
  7623 | D:8      | Banished a green ugly thing
  7773 | D:8      | Noticed a deep elf pyromancer
  7786 | D:8      | Killed a deep elf pyromancer
  7787 | D:8      | Reached skill level 5 in Transmutations
  7802 | D:8      | Noticed a two-headed ogre
  7819 | D:8      | Killed a two-headed ogre
  7916 | D:8      | Found a runed translucent door.
  8120 | D:8      | Found a runed translucent door.
  8137 | D:8      | Reached XP level 11. HP: 48/87 MP: 19/19
  8186 | D:8      | Noticed a boulder beetle
  8198 | D:8      | Banished a boulder beetle
  8199 | D:8      | Reached skill level 9 in Fighting
  8234 | D:8      | Noticed a cyclops
  8241 | D:8      | Killed a cyclops
  8242 | D:8      | Reached skill level 5 in Conjurations
  8242 | D:8      | Reached skill level 5 in Hexes
  8242 | D:8      | Reached skill level 5 in Summonings
  8242 | D:8      | Reached skill level 5 in Necromancy
  8242 | D:8      | Reached skill level 5 in Translocations
  8242 | D:8      | Reached skill level 5 in Fire Magic
  8242 | D:8      | Reached skill level 5 in Ice Magic
  8242 | D:8      | Reached skill level 5 in Air Magic
  8242 | D:8      | Reached skill level 5 in Earth Magic
  8242 | D:8      | Reached skill level 5 in Poison Magic
  8369 | D:8      | Noticed a two-headed ogre
  8377 | D:8      | Killed a two-headed ogre
  8625 | D:9      | Noticed a two-headed ogre
  8633 | D:9      | Killed a two-headed ogre
  8873 | D:9      | Found a runed translucent gate.
  8873 | D:9      | Found a runed translucent gate.
  8875 | D:9      | Found an opulent altar of Gozag.
  8875 | D:9      | Noticed a centaur warrior
  8876 | D:9      | Found a runed translucent gate.
  8876 | D:9      | Noticed a purple ugly thing
  8876 | D:9      | Noticed a wolf spider
  8876 | D:9      | Noticed Jawa73's ghost (journeyman GnWn)
  8906 | D:9      | Found a flagged portal.
  9024 | D:9      | Noticed Pikel
  9042 | D:9      | Killed Pikel
  9427 | D:9      | Killed a wolf spider
  9444 | D:8      | Banished a purple ugly thing
  9512 | D:8      | Banished Jawa73's ghost
  9575 | D:9      | Killed a centaur warrior
  9576 | D:9      | Reached XP level 12. HP: 68/96 MP: 22/22
  9633 | D:9      | Got Rutewk's Collected Works on Cankerous Cold
  9664 | D:10     | Entered Level 10 of the Dungeon
  9963 | D:10     | Noticed a two-headed ogre
  9967 | D:10     | Killed a two-headed ogre
 10276 | D:10     | Found a staircase to the Orcish Mines.
 10384 | D:10     | Found a portal to a secret trove of treasure.
 10609 | Lair:1   | Entered Level 1 of the Lair of Beasts
 11317 | Lair:2   | Noticed a seven-headed hydra
 11317 | Lair:2   | Found a staircase to the Swamp.
 11343 | Lair:1   | Killed a three-headed hydra
 11451 | Lair:2   | Reached skill level 10 in Fighting
 11800 | Lair:2   | Reached XP level 13. HP: 93/103 MP: 24/24
 12676 | Lair:3   | Reached skill level 10 in Invocations
 12854 | Lair:3   | Found a staircase to the Snake Pit.
 13145 | Lair:3   | Found a runed translucent gate.
 13145 | Lair:3   | Found a runed translucent gate.
 13145 | Lair:3   | Found a runed translucent gate.
 13151 | Lair:3   | Noticed Teewurst's ghost (journeyman DsBe)
 13980 | Lair:2   | Killed Teewurst's ghost
 14757 | Lair:4   | Reached ***** piety under Lugonu
 14771 | Lair:4   | HP: 3/105 [three-headed hydra (7)]
 14838 | Lair:4   | Escaped the Abyss
 14842 | Lair:4   | Reached XP level 14. HP: 53/111 MP: 26/26
 14845 | Lair:4   | Reached skill level 10 in Axes
 14845 | Lair:4   | Reached skill level 10 in Armour
 15084 | Lair:4   | Reached skill level 11 in Fighting
 15659 | Lair:5   | Found a staircase to the Slime Pits.
 15773 | Lair:5   | Found a gate leading to a gauntlet.
 15782 | Gauntlet | Entered a Gauntlet
 15782 | Gauntlet | Found a transporter.
 15791 | Gauntlet | Found a transporter.
 15799 | Gauntlet | Found a transporter.
 15801 | Gauntlet | Found a transporter.
 15804 | Gauntlet | Found a transporter.
 15805 | Gauntlet | Found a transporter.
 15820 | Gauntlet | Found a transporter.
 15821 | Gauntlet | Found a transporter.
 15915 | Gauntlet | Engulfed by a fire crab's flame

Illustrated notes

Levels and vault maps discovered:
D:1:      mrwooster_arrival_statue_2, layout_basic, grunt_decor_mini_mirrors
D:2:      layout_rooms
D:3:      layout_basic, st_stairs_12
D:4:      layout_rooms, enter_ossuary_2, minmay_fractal_squares_gapless_5
D:5:      layout_cave_pods, grunt_temple_overflow_diamond, serial_shops,
          nicolae_take_the_stairs, cheibrodos_sewer_entry_sluice,
          kennysheep_cross_bottleneck, minmay_misc_feat_ornament
D:6:      cheibrodos_barr_body, layout_basic, bloody_trog
D:7:      layout_layer_cave, minmay_temple_entry_offerings,
          minmay_misc_feat_doors, minmay_manual_mess
D:8:      cheibrodos_histonic, layout_rooms, dpeg_oklobed_lair, st_stairs_12,
          interstate_on_off
D:9:      layout_loops_ring, ebering_ghost_gozag, enter_bailey_8, uniq_pikel
D:10:     layout_long_grid, minmay_orc_entry_temple_small,
          nicolae_trove_entry_diagonal
Lair:1:   layout_chaotic_city
Lair:2:   layout_cave_pods, minmay_swamp_entry_reptiles,
          cheibrodos_lair_lostbears
Lair:3:   layout_cave_pods, dummy_snake_entry, gammafunk_ghost_necromancy,
          lemuel_fruit_tree
Lair:4:   layout_regular_city, wad_woods_02
Lair:5:   layout_hall_layers, nicolae_slime_entry_slimehenge,
          gauntlet_entry_generic, serial_bayou, serial_bayou_lagoon_b,
          serial_bayou_crossing, serial_bayou_pond_d, serial_bayou_lagoon_a,
          serial_bayou_pond_e, uniq_sonja, uniq_rupert
Gauntlet: minmay_gauntlet_mixed_oops_all_seconds [minmay_gauntlet_arena_77_mess,
          gammafunk_gauntlet_arena_grid, minmay_gauntlet_arena_77_double_cross,
          nicolae_gauntlet_arena_flowing_pool,
          minmay_gauntlet_arena_77_squiggly, nicolae_gauntlet_arena_grate_2,
          gauntlet_exit_spiral]

Skill      XL: |  1  2  3  4  5  6  7  8  9 10 11 12 13 14 |
---------------+-------------------------------------------+-----
Short Blades   | 1 2 4 5 6 7 8 9 |  9.1
Long Blades    | 1 2 4 5 6 7 8 9 |  9.1
Maces & Flails | 1 2 4 5 6 7 8 9 |  9.1
Polearms       | 1 2 4 5 6 7 8 9 |  9.1
Staves         | 1 2 4 5 6 7 8 9 |  9.1
Slings         | 1 2 4 5 6 7 8 9 |  9.1
Bows           | 1 2 4 5 6 7 8 9 |  9.1
Crossbows      | 1 2 4 5 6 7 8 9 |  9.1
Throwing       | 1 2 4 5 6 7 8 9 |  9.1
Stealth        | 1 2 4 5 6 7 8 9 |  9.1
Shields        | 1 2 4 5 6 7 8 9 |  9.1
Unarmed Combat | 1 2 4 5 6 7 8 9 |  9.1
Spellcasting   | 1 2 4 5 6 7 8 9 |  9.1
Evocations     | 1 2 4 5 6 7 8 9 |  9.1
Conjurations   | 1 2 3 4 5 6 7 |  7.6
Hexes          | 1 2 3 4 5 6 7 |  7.6
Summonings     | 1 2 3 4 5 6 7 |  7.6
Necromancy     | 1 2 3 4 5 6 7 |  7.6
Translocations | 1 2 3 4 5 6 7 |  7.6
Transmutations | 1 2 3 4 5 6 8 9 |  9.9
Fire Magic     | 1 2 3 4 5 6 7 |  7.6
Ice Magic      | 1 2 3 4 5 6 7 |  7.6
Air Magic      | 1 2 3 4 5 6 7 |  7.6
Earth Magic    | 1 2 3 4 5 6 7 |  7.6
Poison Magic   | 1 2 3 4 5 6 7 |  7.6
Dodging        | 3 4 5 6 7 8 9 |  9.5
Invocations    | 5 6 7 8 9 10 | 10.8
Axes           | 5 6 7 8 9 10 | 10.2
Armour         | 5 6 7 8 9 10 | 10.2
Fighting       | 7 8 9 10 11 | 11.1

Action                   |  1- 3 |  4- 6 |  7- 9 | 10-12 | 13-15 || total
-------------------------+-------+-------+-------+-------+-------++-------
Melee: Battleaxe         |    61 |    72 |   199 |   380 |   266 ||   978
       Bite              |     5 |     2 |    31 |    61 |    58 ||   157
       Executioner's axe |       |       |       |     4 |    52 ||    56
Throw: Javelin           |       |       |     7 |     3 |    14 ||    24
Invok: Depart the Abyss  |     1 |       |       |       |     1 ||     2
       Banish            |       |       |     2 |     9 |     3 ||    14
       Bend Space        |       |       |     1 |       |     1 ||     2
       Enter the Abyss   |       |       |       |       |     1 ||     1
  Use: Scroll            |     6 |     4 |     5 |     5 |     7 ||    27
       Potion            |       |       |     9 |     4 |     3 ||    16
Armor: Leather armour    |    22 |       |       |       |       ||    22
       Plate armour      |    40 |    66 |   173 |   376 |   387 ||  1042
Dodge: Dodged            |    41 |    15 |   159 |   343 |   378 ||   936

Table legend: (Time is in decaauts)
 A = Elapsed time spent in this place.
 B = Non-inter-level travel time spent in this place.
 C = Inter-level travel time spent in this place.
 D = Time resting spent in this place.
 E = Time spent auto-exploring this place.
 F = Levels seen in this place.
 G = Mean time per level.
                   A        B        C        D        E       F      G
               +--------+--------+--------+--------+--------+-----+--------+
         Total |  16259 |  15770 |    489 |   2317 |   9982 |  19 |  855.7 |
       Dungeon |  10761 |  10367 |    394 |   1391 |   6849 |  10 | 1076.1 |
          Lair |   5221 |   5126 |     95 |    864 |   3080 |   5 | 1044.2 |
         Abyss |    138 |    138 |      0 |     62 |     53 |   3 |   46.0 |
      Gauntlet |    137 |    137 |      0 |      0 |      0 |   1 |  137.0 |
               +--------+--------+--------+--------+--------+-----+--------+

Top non-repeatable levels by time:
     D:1: 1723 daAuts
  Lair:3: 1509 daAuts
     D:5: 1507 daAuts
  Lair:4: 1437 daAuts
  Lair:2: 1351 daAuts
     D:6: 1218 daAuts
     D:8: 1141 daAuts
     D:7: 1118 daAuts
     D:9: 1034 daAuts
    D:10: 925 daAuts
  Lair:1: 794 daAuts
     D:4: 735 daAuts
     D:2: 699 daAuts
     D:3: 658 daAuts
Gauntlet: 137 daAuts
